AoeStats
← JoTa

Arabia

509448970Analyzed
2v2 RM · 4d ago on Sep 26, 2026· 28m 48s· 4 players
Game mode
Random Map
Map size
Medium (4 player)
Population
200
Speed
Normal
Resources
Standard
Victory
Conquest
Starting age
Dark Age
Ending age
Imperial Age
RankedLock teamsTeams togetherTeam positionsShared explorationLock speedFull tech treeHidden civsTurbo modeCheats
Victory
Defeat
🇦🇷 Hindustanis · Argentina
661
+13
🇦🇷 Burgundians · Argentina
601
+16
🇺🇸 Khmer · United States
632
-27
🇦🇷 Koreans · Argentina
568
-13
TheFoustAffectTTV
12:09 Feudal Age
14:13 Double-Bit Axe
27:05 Castle Age
25:48 Scale Barding Armor
26:11 Forging
26:47 Bloodlines
adripelaaoe
1:27 Loom
13:41 Feudal Age
14:40 Stone Mining
16:41 Double-Bit Axe
18:04 Wheelbarrow
17:45 Gold Mining
21:07 Wheelbarrow
22:33 Horse Collar
22:59 Fletching
27:57 Castle Age
25:43 Town Watch
27:42 Scale Mail Armor
JoTa
12:36 Feudal Age
11:15 Loom
11:18 Double-Bit Axe
12:06 Horse Collar
13:03 Gold Mining
13:40 Heavy Plow
14:01 Bow Saw
23:53 Castle Age
22:10 Stone Mining
23:06 Man-at-Arms
24:01 Forging
25:18 Iron Casting
25:33 Scale Barding Armor
27:31 Husbandry
26:54 Pikeman
27:34 Squires
27:19 Arson
Mainisquiano
11:15 Feudal Age
11:49 Loom
12:29 Double-Bit Axe
12:28 Horse Collar
14:45 Forging
14:24 Town Watch
24:00 Castle Age
24:02 Bloodlines
24:00 Scale Barding Armor
24:37 Wheelbarrow
25:23 Iron Casting
Connection lost

Rejoining the realm…

Still unreachable

The connection could not be restored.

Session expired

The server has moved on; the page needs a fresh start.